 Dungeon Crawl Stone Soup version 0.22.1-2-g9c5b331 (webtiles) character file.

58 loko the Ruffian (level 3, -1/28 HPs)
             Began as a Draconian Transmuter on Nov 25, 2018.
             Succumbed to Sigmund's poison
             ... on level 2 of the Dungeon.
             The game lasted 00:10:46 (1795 turns).

loko the Ruffian (Draconian Transmuter)             Turns: 1795, Time: 00:10:46

Health: -1/28      AC:  5    Str: 13    XL:     3   Next: 76%
Magic:  6/6        EV: 12    Int: 13    God:
Gold:   90         SH:  0    Dex: 11    Spells: 5/6 levels left

rFire    . . .     SeeInvis .   l - +2 hand axe (flame)
rCold    . . .     Gourm    .   (no shield)
rNeg     . . .     Faith    .   (armour unavailable)
rPois    .         Spirit   .   (helmet restricted)
rElec    .         Reflect  .   (no cloak)
rCorr    .         Harm     .   (no gloves)
MR       .....                  (no boots)
Stlth    +.........             (no amulet)
HPRegen  0.09/turn              (no ring)
MPRegen  0.10/turn              (no ring)

@: confused, lethally poisoned (-1 -> -23)
A: unfitting armour, cold-blooded, AC +5
a: no special abilities


You were on level 2 of the Dungeon.
You were not hungry.

You visited 1 branch of the dungeon, and saw 2 of its levels.

You collected 90 gold pieces.

Inventory:

Hand Weapons
 d - a +0 dagger
 e - a +0 dagger
 f - a +0 short sword
 g - a +0 dagger
 h - a +0 club
 i - a +0 dagger
 j - a +0 club
 k - a +0 club
 l - a +2 hand axe of flaming (weapon)
 m - a +0 club
 p - a +0 short sword
 r - a +0 flail
 t - a cursed -2 dagger
Missiles
 a - 23 arrows
 b - 34 stones (quivered)
 v - 13 poisoned needles
Armour
 u - a +0 robe
Scrolls
 c - a scroll of remove curse
 o - 3 scrolls of teleportation {unknown}
Potions
 n - 2 potions of magic {unknown}
 q - a potion of flight {unknown}
Comestibles
 s - a ration


   Skills:
 + Level 1.5 Fighting
 + Level 1.0 Short Blades
 + Level 0.1 Axes
 + Level 2.1 Dodging
 + Level 0.2 Stealth
 + Level 3.4 Unarmed Combat
 + Level 2.4 Spellcasting
 + Level 2.3 Transmutations


You had 5 spell levels left.
You knew the following spells:

 Your Spells              Type           Power        Failure   Level  Hunger
a - Beastly Appendage     Tmut           #.....       10%         1    #......

Your spell library contained the following spells:

 Spells                   Type           Power        Failure   Level  Hunger
 Sticks to Snakes         Tmut           #.......     14%         2    ###....
 Spider Form              Tmut/Pois      #.........   41%         3    ###....
 Ice Form                 Ice/Tmut       #.......     83%         4    #####..
 Blade Hands              Tmut           #.........   95%         5    ######.


Dungeon Overview and Level Annotations

Branches:
Dungeon (2/15)

Altars:

Annotations:
D:2 Sigmund


Innate Abilities, Weirdness & Mutations

Your plain brown scales are hard. (AC +5)
You cannot fit into any form of body armour.
You are cold-blooded and may be slowed by cold attacks.


Message History

You hit Sigmund but do no damage.
Sigmund is lightly wounded.
You feel sick. Sigmund casts a spell at you.
You are confused.
You're too confused to move!
You feel sick.
Sigmund hits you with a scythe of venom!
You are more poisoned.
* * * LOW HITPOINT WARNING * * *
You feel very sick.
You bump into the rock wall.
* * * LOW HITPOINT WARNING * * *
You feel sick. Sigmund closely misses you.
* * * LOW HITPOINT WARNING * * *
You feel sick. Sigmund casts a spell at you.
You resist with significant effort.
* * * LOW HITPOINT WARNING * * *
You feel sick.
You die...

#. ### #####...# ## #.
..# #...# ... #. #.#
#...# .... #.##.##.#
#####.†.#
.....#.......###........
.......@#.#!...........#
.....##.#.#.# ##........
...^ #.#.#.# #####...#
... #@....# #.... ##
###.### #.... #.## #....
#######..##########...
#........##...........
#.#####..##.###.<.....
#.#####..##.##........
.........##...........
#.#####.###.#.........


You could see Sigmund.

Vanquished Creatures
  A gnoll (D:1)
  A dart slug (D:1)
  3 leopard geckos (D:1)
  A ball python (D:1)
  2 giant cockroaches
  4 hobgoblins (D:1)
  3 kobolds (D:1)
  3 bats
  2 frilled lizards (D:1)
  8 goblins
  17 rats
45 creatures vanquished.

Notes
Turn   | Place    | Note
-------+----------+-------------------------------------------
     0 | D:1      | loko the Draconian Transmuter began the quest for the Orb.
     0 | D:1      | Reached XP level 1. HP: 16/16 MP: 3/3
   165 | D:1      | Reached XP level 2. HP: 6/23 MP: 5/5
   895 | D:1      | Reached XP level 3. HP: 26/28 MP: 6/6
  1392 | D:1      | Reached skill level 1 in Short Blades
  1777 | D:2      | Noticed Sigmund
  1794 | D:2      | HP: 1/28 [poisoned by Sigmund]
  1795 | D:2      | Succumbed to Sigmund's poison

Skill      XL: |  1  2  3 |
---------------+----------+-----
Dodging        | 2 |  2.1
Short Blades   | 1 |  1.0
Fighting       | |  1.5
Axes           | |  0.1
Stealth        | |  0.2
Unarmed Combat | |  3.4
Spellcasting   | |  2.4
Transmutations | |  2.3

Action                   || total
-------------------------++-------
Melee: Unarmed           ||    19
       Short sword       ||    70
       Tailslap          ||     9
       Hand axe          ||    47
       Punch             ||     1
  Use: Potion            ||     1
       Scroll            ||     1
  Eat: Ration            ||     1
Armor: Skin              ||    46
Dodge: Dodged            ||    80
